 Dungeon Crawl Stone Soup version 0.30.1-11-g7821555f0a (webtiles) character file.

Game seed: 15222612948908143838

42512 lonewolfV2 the Formicid Cataclysm (level 14, -1/110 HPs)
             Began as a Formicid Fighter on Nov 17, 2023.
             Was a High Priest of Qazlal.
             Killed from afar by an ancient lich (50 damage)
             ... with a crystal spear
             ... on level 14 of the Dungeon.
             The game lasted 00:23:04 (14611 turns).

lonewolfV2 the Formicid Cataclysm (FoFi)           Turns: 14611, Time: 00:23:04

Health: -1/110     AC: 26    Str: 30    XL:     14   Next: 55%
Magic:  25/25      EV: 12    Int:  8    God:    Qazlal [*****.]
Gold:   1645       SH: 23    Dex: 15    Spells: 13/13 levels left

rFire   . . .        f - +2 battleaxe (vamp)
rCold   + . .        F - +0 kite shield
rNeg    . . .        J - +2 plate armour {rC+}
rPois   .            (helmet unavailable)
rElec   .            z - +2 cloak {Will+}
rCorr   .            v - +0 pair of gloves
SInv    +            j - +0 pair of boots
Will    ++...        H - amulet of reflection Stlth
                     i - +6 ring of strength
HPRegen 0.38/turn    w - +5 ring of evasion
MPRegen 0.19/turn

%: repel missiles, reflection
@: protected from physical damage
A: permanent stasis, dig shafts and tunnels, antennae 3, four strong arms
a: Dig, Shaft Self, Renounce Religion, Upheaval, Elemental Force, Disaster Area


You were on level 14 of the Dungeon.
You worshipped Qazlal.
Qazlal was extremely pleased with you.
You visited 2 branches of the dungeon, and saw 15 of its levels.
You also visited: Bailey.

You collected 2245 gold pieces.
You spent 600 gold pieces at shops.

Inventory:

Hand Weapons
 a - a +0 war axe
 c - a +4 scimitar of flaming
 f - a +2 vampiric battleaxe (weapon)
 y - the +7 lajatang of Order {silver, rMut}
   (You found it in a bailey)

   rMut:      It protects you from mutation.
Missiles
 r - 3 throwing nets
Armour
 j - a +0 pair of boots (worn)
 v - a +0 pair of gloves (worn)
 z - a +2 cloak of willpower (worn)
 F - a +0 kite shield (worn)
 J - a +2 plate armour of cold resistance (worn)
Jewellery
 i - a +6 ring of strength (left hand)
 l - a +6 ring of intelligence
 q - a ring of flight
 w - a +5 ring of evasion (right hand)
 E - a ring of wizardry
 G - an amulet of the acrobat
 H - an amulet of reflection (around neck)
 N - a +4 ring of slaying
 O - the ring "Daxes" {rC+ Dex+3}
   (You took it off a boggart on level 14 of the Dungeon)

   [ring of protection from cold]

   Dex:       It affects your dexterity (+3).
   rC:        It protects you from cold.
Wands
 o - a wand of digging (1)
 x - a wand of iceblast (19)
 I - a wand of charming (6)
 K - a wand of quicksilver (3)
Scrolls
 b - 3 scrolls of amnesia
 s - 6 scrolls of teleportation
 A - 4 scrolls of magic mapping
 D - a scroll of brand weapon
 L - 2 scrolls of fog
Potions
 d - 3 potions of might
 e - 3 potions of curing
 g - 3 potions of ambrosia
 h - 6 potions of degeneration
 k - a potion of cancellation
 m - 5 potions of flight
 n - a potion of invisibility
 p - 3 potions of brilliance
 t - 4 potions of attraction
 u - 2 potions of lignification
 B - 2 potions of heal wounds
 C - a potion of resistance
 M - 2 potions of mutation


   Skills:
 - Level 10.0 Fighting
 - Level 10.0 Axes
 - Level 11.0 Staves
 - Level 10.6 Armour
 - Level 10.4 Shields
 + Level 15.7 Invocations


You had 13 spell levels left.
You didn't know any spells.
Your spell library contained the following spells:

 Spells                   Type           Power      Damage    Failure   Level
 Beastly Appendage        Tmut           0%         N/A       99%         1
 Magic Dart               Conj           0%         1d3       99%         1
 Slow                     Hex            0%         N/A       99%         1
 Sting                    Tmut/Pois      0%         1d3       99%         1
 Call Imp                 Summ           0%         N/A       100%        2
 Poisonous Vapours        Pois/Air       0%         N/A       100%        2
 Sublimation of Blood     Necr           0%         N/A       100%        2
 Wereblood                Tmut           0%         N/A       100%        2
 Confusing Touch          Hex            0%         N/A       100%        3
 Dazzling Flash           Conj/Hex       0%         N/A       100%        3
 Gell's Gravitas          Tloc           0%         N/A       100%        3
 Ignite Poison            Fire/Tmut/Pois 0%         N/A       100%        3
 Mephitic Cloud           Conj/Pois/Air  0%         N/A       100%        3
 Spider Form              Tmut/Pois      0%         N/A       100%        3
 Teleport Other           Tloc           0%         N/A       100%        3
 Vampiric Draining        Necr           0%         2d6       100%        3
 Olgreb's Toxic Radiance  Pois           0%         N/A       100%        4
 Sticky Flame             Conj/Fire      0%         2d3       100%        4
 Agony                    Necr           0%         N/A       100%        5
 Silence                  Hex/Air        0%         N/A       100%        5
 Dispersal                Tloc           0%         N/A       100%        6
 Summon Hydra             Summ           0%         N/A       100%        7
 Ignition                 Fire           0%         3d3       100%        8


Dungeon Overview and Level Annotations

Branches:
Dungeon (14/15)            Temple (1/1) D:4            Lair (0/5) D:8
    Orc (0/2) D:10         Vaults (0/5) D:13         Bailey (visited)

Altars:
Ashenzari
Elyvilon
Fedhas
Gozag
Hepliaklqana
Kikubaaqudgha
Makhleb
Nemelex Xobeh
Okawaru
Qazlal
Ru
Sif Muna
Trog
Uskayaw
Vehumet
Xom
Yredelemnul
Zin
The Shining One

Shops:
D:8 !   D:14 [

Portals:
Trove: D:11 (give 3 potions of resistance)

Annotations:
D:6 3 runed translucent doors, Azazsd's ghost, novice TrMo
D:7 1 runed translucent door, Azazsd's ghost, novice TrCK
D:8 4 runed translucent doors
D:11 2 transporters, Azazsd's ghost, journeyman SpEE


Innate Abilities, Weirdness & Mutations

You cannot be hasted, slowed, berserked, paralysed or teleported.
You can dig through walls and to a lower floor.
You have a pair of large antennae on your head. (SInv)
Your four strong arms can wield two-handed weapons with a shield.


Message History

You slice the centaur warrior!!
You kill the centaur warrior!
Qazlal accepts your kill.
Your Staves skill increases to level 11!
You slash the centaur warrior simulacrum!
The centaur warrior simulacrum vaporises!
Qazlal accepts your kill.
You now have 1645 gold pieces (gained 11).
Things that are here:
a +2 heavy war axe; a +0 shortbow; a centaur corpse You hear a shout!
You pick up a book of Blood and begin reading...
You add the spells Sublimation of Blood and Summon Hydra to your library.
You see here a condenser vane.
You sense a monster nearby.
An ancient lich comes into view.
An ancient lich is nearby!
An ancient lich is nearby!
The ancient lich is engulfed in a thunderstorm.
The ancient lich gestures wildly while chanting.
The ancient lich flickers and vanishes for a moment.
The ancient lich gestures wildly while chanting.
The ancient lich seems to speed up.
The ancient lich closely misses you.
You closely miss the ancient lich.
The ancient lich is lightly damaged.
You block the ancient lich's attack. x2
You closely miss the ancient lich.
The ancient lich is lightly damaged.
The ancient lich touches you but does no damage.
The ancient lich points at you and mumbles some strange words.
The bolt of acid hits you!!!
Ouch! That really hurt!
You hit the ancient lich.
The ancient lich is lightly damaged.
You block the ancient lich's attack.
The ancient lich gestures at you while chanting.
The crystal spear hits you!!!
You feel protected from physical attacks.
You die...

#.#.###.#)##.#.#. . #..
{
..#.#......#.#.#.#.#...
{ #.#.#.###)#.#.#.#. .
#.#.).....#.#.#.#.#.#
#.#.########.#.#.#.
#.........# .#.#.# #).
#####.##### ###.## #..
##.##.}# .. #..
#.L@#..# #### #..
#..#.ยง### ##....#..
#..###..# ......#..
...# ##....# .........
#.##. ..##.# #[. . #
..## .# #.( ..# ..##
#.. #.# ... #.. #. #.#
#..


You could see an ancient lich (fast, invisible).

Vanquished Creatures
  A rakshasa (D:10)
  4 vault guards (D:13)
  A hydra (D:14)
  Erolcha (D:10)
  5 centaur warriors
  3 boulder beetles
  2 tengu warriors (D:14)
  2 two-headed ogres
  A fire crab (shapeshifter) (D:13)
  8 skeletal warriors
  4 deep elf pyromancers
  2 manticores
  5 cyclopes
  5 ugly things
  Joseph (D:9)
  2 gargoyles
  A cane toad (shapeshifter) (D:14)
  Maggie (D:7)
  2 kobold demonologists
  An unseen horror (D:11)
  2 efreet (D:14)
  2 tengu conjurers (D:14)
  2 freezing wraiths (D:14)
  4 trolls
  Prince Ribbit (D:7)
  Grinder (D:6)
  A dream sheep (shapeshifter) (D:13)
  A centaur simulacrum (D:14)
  16 slime creatures
  A vampire (D:14)
  4 wraiths
  7 yaks
  A basilisk (D:13)
  14 vampire mosquitoes
  Menkaure (D:5)
  A steam dragon (D:8)
  6 acid dragons
  3 water moccasins
  15 orc warriors
  2 sky beasts (D:7)
  2 ice beasts (D:5)
  4 black bears
  3 boggarts (D:14)
  3 ogres
  9 centaurs
  A phantom (D:6)
  13 kobold brigands
  8 bullfrogs
  3 gnoll sergeants
  3 scorpions
  3 wights (D:6)
  9 killer bees
  3 howler monkeys
  A lava snake (D:10)
  A jelly (D:5)
  4 hounds
  2 orc priests (D:10)
  Crazy Yiuf (D:7)
  5 iguanas
  3 sleepcaps
  10 orc wizards
  Terence (D:3)
  13 adders
  11 gnolls
  4 white imps
  2 dart slugs (D:1)
  35 orcs
  9 ball pythons
  8 bats
  2 bat zombies (D:8)
  5 endoplasms
  4 giant cockroaches
  17 goblins
  14 hobgoblins
  9 jackals
  36 kobolds
  4 quokkas
  5 frilled lizards
  2 rats
  A butterfly (D:10)
410 creatures vanquished.

Vanquished Creatures (collateral kills)
  A centaur warrior (D:13)
  A wyvern (shapeshifter) (D:13)
2 creatures vanquished.

Grand Total: 412 creatures vanquished

Notes
Turn   | Place    | Note
-------+----------+-------------------------------------------
     0 | D:1      | lonewolfV2 the Formicid Fighter began the quest for the
                  | Orb.
     0 | D:1      | Reached XP level 1. HP: 18/18 MP: 1/1
   145 | D:1      | Reached XP level 2. HP: 24/24 MP: 2/2
   482 | D:1      | Reached XP level 3. HP: 30/30 MP: 3/3
  1168 | D:2      | Reached XP level 4. HP: 16/38 MP: 4/4
  1627 | D:2      | Reached XP level 5. HP: 37/43 MP: 5/5
  1954 | D:3      | Reached skill level 5 in Fighting
  2184 | D:3      | Noticed Terence
  2189 | D:3      | Killed Terence
  2190 | D:3      | Reached XP level 6. HP: 40/51 MP: 6/6
  2255 | D:3      | Found an opulent altar of Gozag.
  2292 | D:3      | Found a glowing silver altar of Zin.
  2456 | D:3      | Found a faded altar of an unknown god.
  2995 | D:4      | Found a staircase to the Ecumenical Temple.
  3014 | D:4      | Identified the +5 dagger "Vuqitycw" {elec, rF+ Int-5 Dex+5}
  3030 | Temple   | Entered the Ecumenical Temple
  3059 | Temple   | Became a worshipper of Qazlal Stormbringer
  3124 | D:4      | Reached skill level 5 in Axes
  3124 | D:4      | Reached XP level 7. HP: 54/58 MP: 7/7
  3567 | D:5      | Entered Level 5 of the Dungeon
  3882 | D:5      | Reached XP level 8. HP: 24/67 MP: 8/8
  4425 | D:5      | Noticed Menkaure
  4439 | D:5      | Killed Menkaure
  4635 | D:5      | Reached * piety under Qazlal
  5541 | D:6      | Reached XP level 9. HP: 73/75 MP: 9/9
  5701 | D:6      | Noticed Azazsd's ghost (novice TrMo)
  5710 | D:6      | Found a runed translucent gate.
  5710 | D:6      | Found a runed translucent gate.
  5710 | D:6      | Found a runed translucent gate.
  5745 | D:6      | Noticed Grinder
  5751 | D:6      | Killed Grinder
  5948 | D:6      | Reached skill level 10 in Fighting
  6346 | D:7      | Noticed Maggie
  6360 | D:7      | Killed Maggie
  6361 | D:7      | Reached skill level 5 in Shields
  6576 | D:7      | Reached ** piety under Qazlal
  6577 | D:7      | Reached XP level 10. HP: 85/85 MP: 10/10
  6717 | D:7      | Found a runed translucent door.
  6718 | D:7      | Found a shimmering altar of Xom.
  6718 | D:7      | Noticed Azazsd's ghost (novice TrCK)
  6718 | D:7      | Noticed a +0 short sword of chaos
  6792 | D:7      | Found a runed translucent door.
  6793 | D:7      | Noticed Crazy Yiuf
  6828 | D:7      | Noticed Prince Ribbit
  6833 | D:7      | Killed Prince Ribbit
  7073 | D:7      | Killed Crazy Yiuf
  7260 | D:8      | Identified the +2 robe of Paranoia {rC- rN++ Will++}
  7308 | D:8      | Found a flagged portal.
  7328 | D:8      | Reached skill level 10 in Axes
  7351 | Bailey   | Entered a bailey
  7424 | Bailey   | Found the +7 lajatang of Order {silver, rMut}
  7466 | Bailey   | Reached skill level 5 in Armour
  7466 | Bailey   | Reached skill level 10 in Shields
  7476 | Bailey   | Found a burning altar of Makhleb.
  7763 | D:8      | Reached *** piety under Qazlal
  7874 | D:8      | Found Reukuiss's Distillery.
  7949 | D:8      | Found an ancient bone altar of Kikubaaqudgha.
  8017 | D:8      | Found a bloodstained altar of Trog.
  8080 | D:8      | Found a staircase to the Lair.
  8084 | D:8      | Reached XP level 11. HP: 83/90 MP: 11/11
  8133 | D:8      | Found a large runed translucent door.
  8133 | D:8      | Found a large runed translucent door.
  8143 | D:8      | Noticed a cyclops
  8166 | D:8      | Reached skill level 1 in Invocations
  8208 | D:8      | Found a large runed translucent door.
  8208 | D:8      | Found a large runed translucent door.
  8237 | D:8      | Noticed a boulder beetle
  8241 | D:8      | Reached skill level 2 in Invocations
  8244 | D:8      | Noticed a two-headed ogre
  8254 | D:8      | Killed a two-headed ogre
  8255 | D:8      | Reached skill level 4 in Invocations
  8267 | D:8      | Noticed a moth of wrath
  8271 | D:8      | Killed a boulder beetle
  8272 | D:8      | Reached skill level 5 in Invocations
  8408 | D:8      | Noticed an elephant
  8465 | D:9      | Reached skill level 6 in Invocations
  8837 | D:9      | Noticed Joseph
  8844 | D:9      | Killed Joseph
  8845 | D:9      | Reached skill level 7 in Invocations
  8887 | D:9      | Found a basalt altar of Yredelemnul.
  9092 | D:10     | Entered Level 10 of the Dungeon
  9161 | D:10     | Found a white marble altar of Elyvilon.
  9289 | D:10     | Reached **** piety under Qazlal
  9642 | D:10     | Found a staircase to the Orcish Mines.
  9698 | D:10     | Noticed Erolcha
  9706 | D:10     | Killed Erolcha
  9707 | D:10     | Reached skill level 8 in Invocations
  9823 | D:10     | Noticed a rakshasa
  9833 | D:10     | Killed a rakshasa
  9834 | D:10     | Reached skill level 9 in Invocations
  9852 | D:10     | Reached XP level 12. HP: 97/97 MP: 18/18
  9852 | D:10     | Found a sparkling altar of Nemelex Xobeh.
 10075 | D:10     | Found a hide-covered altar of Uskayaw.
 10408 | D:11     | Reached ***** piety under Qazlal
 10470 | D:11     | Reached skill level 10 in Invocations
 10537 | D:11     | Found a transporter.
 10676 | D:11     | Found a portal to a secret trove of treasure.
 10983 | D:11     | Noticed Azazsd's ghost (journeyman SpEE)
 11008 | D:11     | Reached skill level 11 in Invocations
 11036 | D:11     | Found a transporter.
 11361 | D:12     | Noticed a two-headed ogre
 11366 | D:12     | Killed a two-headed ogre
 11465 | D:12     | Reached skill level 10 in Armour
 11583 | D:12     | Reached skill level 12 in Invocations
 11988 | D:13     | Reached skill level 13 in Invocations
 11994 | D:13     | Reached XP level 13. HP: 99/103 MP: 22/22
 12026 | D:13     | Reached skill level 1 in Staves
 12081 | D:13     | Noticed a centaur warrior
 12084 | D:13     | Noticed a centaur warrior
 12085 | D:13     | Noticed a centaur warrior
 12087 | D:13     | Killed a centaur warrior
 12088 | D:13     | Noticed a vault guard
 12089 | D:13     | Noticed a vault guard
 12090 | D:13     | Killed a centaur warrior
 12090 | D:13     | Noticed a vault guard
 12093 | D:13     | Killed a centaur warrior
 12098 | D:13     | Killed a vault guard
 12098 | D:13     | Noticed a vault guard
 12106 | D:13     | Killed a vault guard
 12107 | D:13     | Reached skill level 5 in Staves
 12118 | D:13     | Reached skill level 14 in Invocations
 12120 | D:13     | Killed a vault guard
 12124 | D:13     | Killed a vault guard
 12129 | D:13     | Noticed a centaur warrior
 12134 | D:13     | Killed a centaur warrior
 12299 | D:13     | Found a gate to the Vaults.
 12446 | D:13     | Found a glowing silver altar of Zin.
 12446 | D:13     | Noticed an angel
 12527 | D:13     | Reached XP level 14. HP: 21/110 MP: 8/25
 13344 | D:14     | Found Hoimn's Armour Boutique.
 13356 | D:14     | Bought a +2 plate armour of cold resistance for 600 gold
                  | pieces
 13415 | D:14     | Reached skill level 15 in Invocations
 13578 | D:14     | Reached skill level 10 in Staves
 14169 | D:14     | Found a hide-covered altar of Uskayaw.
 14531 | D:14     | Identified the ring "Daxes" {rC+ Dex+3}
 14604 | D:14     | Noticed an ancient lich
 14611 | D:14     | Killed from afar by an ancient lich

Illustrated notes

Levels and vault maps discovered:
D:1:      minmay_arrival_nine_rooms, layout_loops_corners
D:2:      layout_loops_ring
D:3:      layout_basic, pdpol_temple_overflow_zin_treasury_gozag_greed,
          chequers_ecumenical_altar_lobes, uniq_terence
D:4:      layout_rooms, minmay_temple_entry_glass, minmay_hedge_maze,
          minmay_box_of_dots
D:5:      layout_gridville, amcnicky_mini_pool_small, uniq_menkaure
D:6:      layout_gridville, gammafunk_ghost_split, uniq_grinder
D:7:      layout_cave_pools, ebering_ghost_xom, minmay_misc_feat_four_crosses,
          minmay_misc_feat_x, minmay_liquid_box, uniq_crazy_yiuf_cottage,
          uniq_prince_ribbit1, uniq_maggie
D:8:      layout_rooms, trog_hazing_becter, lemuel_zombie_altar_kikubaaqudgha,
          grunt_lair_entry_orc_guard_hut, serial_shops, shop, enter_bailey_3,
          minmay_hollow_rounded_squares
D:9:      layout_irregular_city, mainiacjoe_overflow_chevrons, uniq_joseph
D:10:     layout_loops_ring, mainiacjoe_overflow_alcove_2,
          nicolae_elyvilon_peaceful_grove, kennysheep_mini_moat, david_orc_4,
          kennysheep_generic_room_11, uniq_erolcha
D:11:     layout_stronghold, nicolae_trove_entry_isolated, gammafunk_ghost_hive
D:12:     layout_roguey
D:13:     layout_long_grid, lightli_vaults_fourway_checkpoint, zin_angel
D:14:     minmay_the_grid_3x3 [minmay_the_grid_dragon_b,
          minmay_the_grid_tri_star, minmay_the_grid_paths,
          minmay_the_grid_pillar_ring, minmay_the_grid_holed_spiral,
          minmay_the_grid_rooms, minmay_the_grid_large_cup,
          minmay_the_grid_stretched_grid,
          minmay_the_grid_prize_four_corners_diamond_a], layout_irregular_city,
          serial_shops, shop_fountains, nicolae_uskayaw_dance_hall
Temple:   nicolae_temple_great_sept

Skill      XL: |  1  2  3  4  5  6  7  8  9 10 11 12 13 14 |
---------------+-------------------------------------------+-----
Fighting       | 4 5 6 7 8 10 | 10.0
Axes           | 3 4 5 6 7 9 10 | 10.0
Shields        | 6 10 | 10.4
Armour         | 6 8 10 | 10.6
Invocations    | 9 13 14 15 | 15.7
Staves         | 8 11 | 11.0

Action                     |  1- 3 |  4- 6 |  7- 9 | 10-12 | 13-15 || total
---------------------------+-------+-------+-------+-------+-------++-------
  Melee: War axe           |   119 |    67 |       |       |       ||   186
         Battleaxe         |       |    96 |   198 |   411 |   242 ||   947
         Lajatang          |       |       |       |       |     8 ||     8
 Invoke: Elemental Force   |       |       |       |       |     2 ||     2
         Disaster Area     |       |       |       |       |     2 ||     2
         Upheaval          |       |       |       |       |     1 ||     1
Ability: Dig               |     1 |       |       |       |       ||     1
    Use: Scroll            |     3 |     6 |     8 |    10 |     2 ||    29
         Potion            |       |       |     3 |     1 |     1 ||     5
 Armour: Scale mail        |    81 |    31 |       |       |       ||   112
         Chain mail        |       |    55 |   111 |   112 |       ||   278
         Plate armour      |       |       |       |    63 |   126 ||   189
  Dodge: Dodged            |    66 |    58 |    94 |   284 |   134 ||   636
         Repelled          |       |       |       |     2 |     2 ||     4
  Block: Buckler           |    27 |    44 |    60 |   422 |   253 ||   806
         Reflection        |       |       |       |    11 |    26 ||    37
         Kite shield       |       |       |       |       |    69 ||    69
